 Dungeon Crawl Stone Soup version 0.26-a0-490-gf8362a0c98 (webtiles) character file.

Game seed: 3225859177325080253

164 ANON1729 the Skirmisher (level 5, 0/40 HPs)
             Began as a Palentonga Delver on Aug 4, 2020.
             Was an Initiate of Hepliaklqana.
             Slain by an ufetubus (5 damage)
             ... on level 4 of the Dungeon.
             The game lasted 00:04:01 (920 turns).

ANON1729 the Skirmisher (Palentonga Delver)          Turns: 920, Time: 00:04:01

Health: 0/40       AC:  5    Str: 16    XL:     5   Next: 21%
Magic:  5/5        EV: 10    Int: 11    God:    Hepliaklqana [......]
Gold:   48         SH:  0    Dex:  9    Spells: 4/4 levels left

rFire    + + .     SeeInvis +   a - +0 falchion
rCold    . . .     Faith    .   (no shield)
rNeg     . . .     Spirit   .   m - +1 leather armour {rF+}
rPois    .         Reflect  .   (no helmet)
rElec    .         Harm     .   (no cloak)
rCorr    .                      (no gloves)
MR       .....                  (boots restricted)
Stlth    ++........             i - amulet of inaccuracy (curse)
HPRegen  0.53/turn              (no ring)
MPRegen  0.09/turn              (no ring)

@: no status effects
A: large, reduced essence, rugged brown scales 3, see invisible, clumsy 1,
deformed body, fire resistance 1, regeneration 1, roll, armoured tail
a: Rolling Charge, Recall Ancestor, Ancestor Identity, Renounce Religion


You were on level 4 of the Dungeon.
You worshipped Hepliaklqana.
Hepliaklqana was noncommittal.
You visited 2 branches of the dungeon, and saw 3 of its levels.

You collected 48 gold pieces.

Inventory:

Hand Weapons
 a - a +0 falchion (weapon)
Armour
 m - a +1 leather armour of fire resistance (worn)
Jewellery
 i - a cursed amulet of inaccuracy (around neck)
Wands
 g - a wand of digging (3)
 h - a wand of flame (11)
Scrolls
 b - 2 scrolls of remove curse {unknown}
 c - a scroll of fog
 d - 2 scrolls of magic mapping
Potions
 k - 2 potions of mutation


   Skills:
 + Level 3.9 Fighting
 + Level 3.2 Long Blades
 + Level 2.5 Dodging
 + Level 3.9 Stealth


You had 4 spell levels left.
You didn't know any spells.
Your spell library was empty.

Dungeon Overview and Level Annotations

Branches:
Dungeon (5/15)             Temple (1/1) D:5

Altars:
Ashenzari
Cheibriados
Dithmenos
Elyvilon
Fedhas
Gozag
Hepliaklqana
Kikubaaqudgha
Makhleb
Okawaru
Qazlal
Ru
Sif Muna
Trog
Uskayaw
Vehumet
Wu Jian
Xom
Yredelemnul
Zin
The Shining One

Shops:
D:5 (

Annotations:
D:5 2 transporters, Ijyb


Innate Abilities, Weirdness & Mutations

You are completely covered in rugged brown scales. (AC +3, +7% HP)
You have supernaturally acute eyesight. (SInv)
Armour fits poorly on your strangely shaped body.
You can roll at foes to attack.
You have a long armoured tail.
Your life essence is reduced to manifest your ancestor. (-10% HP)
You are clumsy. (Dex -2)
Your flesh is heat resistant. (rF+)
Your natural rate of healing is unusually fast.


Message History

As you read the scroll of fear, it crumbles to dust.
You assume a fearsome visage.
The leopard gecko looks frightened!
The ufetubus is unaffected.
Fikile is unaffected.
The ufetubus hits you but does no damage.
The ufetubus closely misses you.
Press: ? - help, v - describe, . - travel
Here: an ufetubus (lightly wounded)
The floor.
Okay, then.
You barely miss the ufetubus.
The ufetubus is lightly wounded.
The ufetubus hits you but does no damage.
The ufetubus hits you.
* * * LOW HITPOINT WARNING * * *
Fikile closely misses the ufetubus.
The scorpion stings Fikile.
The ufetubus barely misses you. The ufetubus hits you.
* * * LOW HITPOINT WARNING * * *
The ufetubus closely misses you. The ufetubus hits you.
You die...

# #. .### ....#
###.######.#.# .
?.........#@#
#.###.#......#5#
#..........#.#R#
#.......#.##.#s#
#............#.#
#..........R...####
#......>.............
#####.#.##.##........
# #.#....#l#####.


You could see the friendly Fikile the ancestor, a scorpion and an ufetubus.

Vanquished Creatures
  A centaur (D:5)
  A howler monkey (D:5)
  A worker ant zombie (D:5)
  An orc (D:5)
  3 jackals (D:5)
7 creatures vanquished.

Vanquished Creatures (collateral kills)
  A hound (D:5)
1 creature vanquished.

Grand Total: 8 creatures vanquished

Notes
Turn   | Place    | Note
-------+----------+-------------------------------------------
     0 | D:5      | ANON1729 the Palentonga Delver began the quest for the Orb.
     0 | D:5      | Reached XP level 1. HP: 19/19 MP: 1/1
    71 | D:5      | Found Lokhlut's Antique Weapon Emporium.
    75 | D:5      | Found a transporter.
    88 | D:5      | Noticed an orc priest
    99 | D:5      | Found a staircase to the Ecumenical Temple.
   154 | Temple   | Entered the Ecumenical Temple
   378 | Temple   | Became a worshipper of Hepliaklqana the Forgotten
   466 | D:5      | Found a transporter.
   496 | D:5      | Noticed a hound
   503 | D:5      | Killed a hound
   503 | D:5      | Reached XP level 2. HP: 17/23 MP: 2/2
   503 | D:5      | Reached XP level 3. HP: 21/28 MP: 3/3
   580 | D:5      | Noticed a centaur
   590 | D:5      | Killed a centaur
   590 | D:5      | Reached XP level 4. HP: 8/35 MP: 4/4
   892 | D:5      | Noticed Ijyb
   893 | D:5      | Reached XP level 5. HP: 25/40 MP: 5/5
   915 | D:4      | Gained mutation: You are clumsy. (Dex -2) [potion of
                  | mutation]
   915 | D:4      | Gained mutation: Your natural rate of healing is unusually
                  | fast. [potion of mutation]
   915 | D:4      | Gained mutation: Your flesh is heat resistant. (rF+)
                  | [potion of mutation]
   920 | D:4      | Slain by an ufetubus

Illustrated notes

Levels and vault maps discovered:
D:4:      layout_basic, uniq_eustachio
D:5:      gammafunk_wand_slinger, layout_basic, minmay_temple_entry_sparse_star,
          serial_shops, shop, kennysheep_okawaru_gauntlet, uniq_ijyb
Temple:   grunt_wide_crystal_templ

Skill      XL: |  1  2  3 |
---------------+----------+-----
Dodging        | 2 |  2.5
Long Blades    | 3 |  3.2
Fighting       | |  3.9
Stealth        | |  3.9

Action                   |  1- 3 |  4- 6 || total
-------------------------+-------+-------++-------
Melee: Falchion          |    27 |    17 ||    44
       Tailslap          |     8 |     1 ||     9
 Abil: Rolling Charge    |     1 |     3 ||     4
  Use: Scroll            |     2 |     1 ||     3
       Potion            |     1 |     1 ||     2
Armor: Leather armour    |    13 |    12 ||    25
Dodge: Dodged            |    16 |    21 ||    37
       Rpst.: Falchion   |     7 |     4 ||    11

Table legend: (Time is in decaauts)
 A = Elapsed time spent in this place.
 B = Non-inter-level travel time spent in this place.
 C = Inter-level travel time spent in this place.
 D = Time resting spent in this place.
 E = Time spent auto-exploring this place.
 F = Levels seen in this place.
 G = Mean time per level.
                   A        B        C        D        E       F      G
               +--------+--------+--------+--------+--------+-----+--------+
         Total |    909 |    872 |     37 |    387 |    316 |   3 |  303.0 |
       Dungeon |    671 |    670 |      1 |    261 |    245 |   2 |  335.5 |
        Temple |    237 |    201 |     36 |    126 |     71 |   1 |  237.0 |
               +--------+--------+--------+--------+--------+-----+--------+

Top non-repeatable levels by time:
     D:5: 414 daAuts
     D:4: 257 daAuts
  Temple: 237 daAuts
